 Dungeon Crawl Stone Soup version 0.20.1-1-g8b1a95d (webtiles) character file.

30 Mesmaeker13 the Charmwright (level 2, -1/24 HPs)
             Began as a Demigod Skald on Aug 22, 2017.
             Slain by a hobgoblin (4 damage)
             ... led by Robin
             ... on level 1 of the Dungeon.
             The game lasted 00:02:19 (1217 turns).

Mesmaeker13 the Charmwright (Demigod Skald)         Turns: 1217, Time: 00:02:19

Health: -1/24      AC:  3    Str: 14    XL:     2   Next: 87%
Magic:  6/7        EV: 12    Int: 17    God:
Gold:   45         SH:  0    Dex: 15    Spells: 1/4 levels left

rFire    . . .     SeeInvis .   a - +0 mace
rCold    . . .     Gourm    .   (no shield)
rNeg     . . .     Faith    .   b - +0 leather armour
rPois    .         Spirit   .   (no helmet)
rElec    .         Reflect  .   (no cloak)
rCorr    .         Harm     .   (no gloves)
MR       .....                  (no boots)
Stlth    +.........             (no amulet)
Regen    0.1/turn               (no ring)
MPRegen  0.1/turn               (no ring)

@: infused
A: high mp 1
a: no special abilities


You were on level 1 of the Dungeon.
You were not hungry.

You visited 1 branch of the dungeon, and saw 3 of its levels.

You collected 45 gold pieces.

Inventory:

Hand Weapons
 a - a +0 mace (weapon)
 h - a +1 hand axe of chopping
Armour
 b - a +0 leather armour (worn)
Scrolls
 e - 2 scrolls of teleportation
 g - a scroll of remove curse {unknown}
Potions
 i - a potion of heal wounds {unknown}
 j - a potion of might {unknown}
 k - 2 potions of resistance {unknown}
Books
 c - a book of Battle

   Spells                             Type                      Level
   a - Infusion                       Charms                       1
   b - Shroud of Golubria             Charms/Translocation         2
   c - Song of Slaying                Charms                       2
   d - Spectral Weapon                Hexes/Charms                 3
   e - Regeneration                   Charms/Necromancy            3
Comestibles
 d - 3 bread rations


   Skills:
 - Level 1.7 Fighting
 + Level 2.3 Maces & Flails
 - Level 0.8 Armour
 + Level 2.2 Dodging
 - Level 1.7 Spellcasting
 + Level 3.1 Charms


You had one spell level left.
You knew the following spells:

 Your Spells              Type           Power        Failure   Level  Hunger
a - Infusion              Chrm           ##..         7%          1    #......
b - Song of Slaying       Chrm           ##......     10%         2    ###....


Dungeon Overview and Level Annotations

Branches:
Dungeon (3/15)

Annotations:
D:2 Sigmund
D:3 Robin


Innate Abilities, Weirdness & Mutations

You have an increased reservoir of magic. (+10% MP)


Message History

Unknown command.
The goblin closely misses you. The hobgoblin hits you with a club!
* * * LOW HITPOINT WARNING * * *
Unknown command.
The goblin closely misses you. The hobgoblin misses you.
Your magical infusion is running out.
The goblin closely misses you.
You are no longer magically infusing your attacks.
There is a stone staircase leading up here.
The hobgoblin closely misses you.
You climb upwards.
The kobold shouts!
The kobold throws a stone.
The stone hits you but does no damage.
There is a stone staircase leading down here.
You see here a stone.
Casting: Infusion
Confirm with . or Enter, or press ? or * to list all spells.
You begin infusing your attacks with magical energy.
The hobgoblin hits you.
You die...

###### ##....##
...##..#########
####.....#.....##
###.............##
.................#
##..............@#
#.>...........g.#
#...............#
##...............#
.#..............K#
.##.............##
...#.....#.....##
##.#############
#.#


You could see a hobgoblin and a kobold.

Vanquished Creatures
  An adder (D:2)
  A ball python (D:1)
  2 giant cockroaches
  2 goblins (D:1)
  A hobgoblin (D:2)
  3 jackals (D:2)
  4 bats (D:1)
  A frilled lizard (D:2)
  2 kobolds (D:1)
  3 rats (D:1)
20 creatures vanquished.

Notes
Turn   | Place    | Note
-------+----------+-------------------------------------------
     0 | D:1      | Mesmaeker13 the Demigod Skald began the quest for the Orb.
     0 | D:1      | Reached XP level 1. HP: 17/17 MP: 5/5
   353 | D:1      | Reached XP level 2. HP: 24/24 MP: 7/7
   459 | D:1      | Reached skill level 3 in Charms
   572 | D:1      | Learned a level 2 spell: Song of Slaying
   753 | D:2      | Noticed Sigmund
  1200 | D:3      | Noticed Robin
  1217 | D:1      | Slain by a hobgoblin

Skill      XL: |  1  2 |
---------------+-------+-----
Dodging        | 2 |  2.2
Maces & Flails | 2 |  2.3
Charms         | 3 |  3.1
Fighting       | |  1.7
Armour         | |  0.8
Spellcasting   | |  1.7

Action                   || total
-------------------------++-------
Melee: Mace              ||    47
 Cast: Infusion          ||     6
  Use: Scroll            ||     1
 Stab: Sleeping          ||     1
  Eat: Chunk             ||     1
Armor: Leather armour    ||    22
Dodge: Dodged            ||    53
